 Dungeon Crawl Stone Soup version 0.28-a0-1510-gd0f6b136d3 (webtiles) character file.

Game seed: 2232270759811780854

4 croobank the Caller (level 1, 0/11 HPs)
             Began as an Octopode Summoner on Jan 16, 2022.
             Frozen to death by an endoplasm (3 damage)
             ... on level 1 of the Dungeon.
             The game lasted 00:01:27 (211 turns).

croobank the Caller (Octopode Summoner)              Turns: 211, Time: 00:01:27

Health: 0/11       AC:  1    Str:  7    XL:     1   Next: 70%
Magic:  2/3        EV: 13    Int: 17    God:
Gold:   0          SH:  0    Dex: 12    Spells: 3/4 levels left

rFire   . . .      SeeInvis .   b - +0 mace
rCold   . . .      Faith    .   (no shield)
rNeg    . . .      Spirit   .   (helmet restricted)
rPois   .          Reflect  .   (no amulet)
rElec   .          Harm     .   (no ring)
rCorr   .          Rampage  .   (no ring)
Will    .....                   (no ring)
Stlth   +++.......              (no ring)
HPRegen 0.03/turn               (no ring)
MPRegen 0.08/turn               (no ring)
                                (no ring)
                                (no ring)

@: no status effects
A: almost no armour, amphibious, 8 rings, camouflage 1, gelatinous body 1,
(nimble swimmer 1), tentacles
a: no special abilities


You were on level 1 of the Dungeon.
You visited 1 branch of the dungeon, and saw 1 of its levels.

Inventory:

Hand Weapons
 b - a +0 mace (weapon)
Missiles
 c - 22 stones
Scrolls
 a - a scroll of blinking {unknown}
 d - a scroll of immolation {unknown}
Potions
 e - a potion of curing {unknown}
 f - a potion of brilliance {unknown}


   Skills:
 + Level 2.1 Dodging
 + Level 2.9 Stealth
 + Level 2.1 Spellcasting
 + Level 4.0 Summonings


You had 3 spell levels left.
You knew the following spells:

 Your Spells              Type           Power      Damage    Failure   Level
a - Summon Small Mammal   Summ           60%        N/A       3%          1

Your spell library contained the following spells:

 Spells                   Type           Power      Damage    Failure   Level
 Call Imp                 Summ           15%        N/A       5%          2
 Call Canine Familiar     Summ           15%        N/A       11%         3
 Summon Guardian Golem    Hex/Summ       8%         N/A       26%         3
 Summon Lightning Spire   Summ/Air       8%         N/A       63%         4


Dungeon Overview and Level Annotations

Branches:
Dungeon (1/15)

Altars:

Shops:
D:1 (::


Innate Abilities, Weirdness & Mutations

You cannot wear most types of armour.
You are amphibious.
You can wear up to eight rings at the same time.
Your skin changes colour to match your surroundings (Stealth+).
Your rubbery body absorbs attacks. (AC +1, EV +1)
((You are camouflaged when in or above water. (Stealth+)))
You have tentacles for arms and can constrict up to eight enemies at once.


Message History

HP restored.
e - an amethyst potion A goblin comes into view.
It is wielding a +0 dagger.
Found a stone staircase leading down.
You barely miss the goblin. You grab the goblin. You squeeze the goblin.
You kill the goblin!
You see here a +0 dagger.
There is a stone staircase leading down here.
A bat comes into view.
The helpless bat fails to defend itself.
You hit the bat. Your grab misses the bat.
The bat is heavily wounded.
The bat hits you. The bat misses you. The bat hits you.
You hit the bat.
You kill the bat!
Found Biamawn's Book Shop.
An endoplasm comes into view.
The endoplasm quivers.
A bat comes into view.
You see here a blue potion.
f - a blue potion A hobgoblin comes into view.
The hobgoblin shouts!
You hear a shout!
The bat closely misses you. The endoplasm freezes you.
You are frozen.
A hobgoblin comes into view.
Casting: Summon Small Mammal (safe; 3% risk of failure)
Confirm with . or Enter, or press ? or * to list all spells.
The bat misses you. The bat closely misses your rat. The endoplasm misses you.
You hit the endoplasm.
The endoplasm is moderately wounded.
The bat hits you. The bat barely misses your rat. The endoplasm freezes you.
You are frozen.
* * * LOW HITPOINT WARNING * * *
Your rat closely misses the bat.
The endoplasm freezes you.
You are frozen.
You die...

#...#
....#
#####
#...# .
...
#gg.####.#
..#.8.
+........#
..#...
#........#
..##.#
#..r.....#
..##.#
#.@b.∩...#
..##.##
#.J......#
..#...#
#.........
# #.<.#
#.......#.
# #...#
#.........
# ##.##
#.........
# #.#
#.#.......
####.##
#..#.###..
..#...#
#..#.#


You could see an endoplasm, 2 hobgoblins, a bat (ally target) and a friendly rat
(summoned).

Vanquished Creatures
  A bat (D:1)
  A goblin (D:1)
  A kobold (D:1)
  A ball python (D:1)
4 creatures vanquished.

Notes
Turn   | Place    | Note
-------+----------+-------------------------------------------
     0 | D:1      | croobank the Octopode Summoner began the quest for the Orb.
     0 | D:1      | Reached XP level 1. HP: 11/11 MP: 3/3
    39 | D:1      | Found a faded altar of an unknown god.
    39 | D:1      | Found Zias's Weapon Shoppe.
    40 | D:1      | Found Zawecudu's Book Shop.
   201 | D:1      | Found Biamawn's Book Shop.
   211 | D:1      | Frozen to death by an endoplasm

Illustrated notes

Levels and vault maps discovered:
D:1:      minmay_arrival_nine_rooms, layout_rooms,
          ebering_ecumenical_altar_webs, serial_shops, shop, shop,
          nicolae_shop_bloodbath_and_beyond, shop, shop, serial_corexii_hall,
          corexii_hall_statues_s, chequers_hall_statues_y,
          corexii_hall_statues_x, corexii_hall_statues_l,
          corexii_hall_statues_t, chequers_hall_statues_corner_a,
          chequers_serial_rivers_micro_e

Action                   || total
-------------------------++-------
Melee: Mace              ||     8
       Constrict         ||     3
       Tentacles         ||     1
 Cast: Summon Small Mamm ||     1
 Stab: Sleeping          ||     2
Dodge: Dodged            ||     6

Table legend: (Time is in decaauts)
 A = Elapsed time spent in this place.
 B = Non-inter-level travel time spent in this place.
 C = Inter-level travel time spent in this place.
 D = Time resting spent in this place.
 E = Time spent auto-exploring this place.
 F = Levels seen in this place.
 G = Mean time per level.
                   A        B        C        D        E       F      G
               +--------+--------+--------+--------+--------+-----+--------+
         Total |    213 |    213 |      0 |      0 |    145 |   1 |  213.0 |
       Dungeon |    213 |    213 |      0 |      0 |    145 |   1 |  213.0 |
               +--------+--------+--------+--------+--------+-----+--------+

Top non-repeatable levels by time:
     D:1: 213 daAuts
